 Dungeon Crawl Stone Soup version 0.29.1-15-g9cfb28693d (webtiles) character file.

Game seed: 14104343428045144375

286497 NegativICE91 the Ninja (level 19, 0/96 HPs)
             Began as a Spriggan Enchanter on Feb 6, 2023.
             Was the Champion of Dithmenos.
             Slain by a spriggan rider
             ... wielding a +0 spear
              (32 damage)
             ... on level 4 of the Depths on Feb 22, 2023.
             The game lasted 14:16:08 (40525 turns).

NegativICE91 the Ninja (Spriggan Enchanter)        Turns: 40525, Time: 14:16:12

Health: 0/96       AC:  8    Str:  9    XL:     19   Next: 83%
Magic:  28/46      EV: 48    Int: 19    God:    Dithmenos [******]
Gold:   2570       SH:  0    Dex: 30    Spells: 1/45 levels left

rFire   + + .      SeeInvis +   Z - +9 rapier (elec)
rCold   . . .      Faith    .   R - orb {guile}
rNeg    + + .      Spirit   .   b - +2 robe {rC+ rF+}
rPois   .          Reflect  .   p - +2 hat {Will+}
rElec   +          Harm     .   Y - +1 cloak of the Distant Future {rN+}
rCorr   +          Rampage  .   (gloves unavailable)
Will    ++++.                   (boots unavailable) Stlth **********
                                L - amulet of Satisfaction {rElec rF+ Regen+ Str+3 Dex+10}
HPRegen 1.86/turn               T - ring "Opyqet" {rElec rC- rN+ Dex+4}
MPRegen 0.30/turn               o - ring of Nyinu {Wiz Will++ rCorr MP+9 Dex-3}

@: wreathed by umbra, very quick
A: very small, no large weapons, unfitting armour, see invisible, speed 3,
regeneration 1
}: 2/15 runes: barnacled, gossamer
a: Renounce Religion, Shadow Step, Shadow Form


You were on level 4 of the Depths.
You worshipped Dithmenos.
Dithmenos was exalted by your worship.
You visited 7 branches of the dungeon, and saw 35 of its levels.
You visited 1 bazaar.
You also visited: Gauntlet.

You collected 4548 gold pieces.
You spent 1978 gold pieces at shops.

Inventory:

Hand Weapons
 h - a +5 short sword of venom
 O - a +2 dagger of holy wrath
 Z - a +9 rapier of electrocution (weapon)
Missiles
 c - 5 boomerangs of dispersal
 d - 3 atropa-tipped darts
 g - 32 poisoned darts (quivered)
 t - 3 throwing nets
 u - 36 boomerangs
 W - 5 curare-tipped darts
Armour
 b - a +2 robe of resistance (worn)
 p - a +2 hat of willpower (worn)
 R - an orb of guile (worn)
 Y - the +1 cloak of the Distant Future (worn) {rN+}
   (You bought it in a shop on level 1 of the Orcish Mines)

   rN:        It protects you from negative energy.
Jewellery
 l - a +4 ring of evasion
 n - a ring of positive energy
 o - the ring of Nyinu (right hand) {Wiz Will++ rCorr MP+9 Dex-3}
   (You found it in a Gauntlet)

   [ring of wizardry]

   It improves your spell success rate.
   Dex:       It affects your dexterity (-3).
   MP:        It affects your magic capacity (+9).
   rCorr:     It protects you from acid and corrosion.
   Will:      It greatly increases your willpower.
 v - a ring of protection from fire
 x - a ring of protection from cold
 y - a ring of poison resistance
 K - a ring of protection from fire
 L - the amulet of Satisfaction (around neck) {rElec rF+ Regen+ Str+3 Dex+10}
   (You found it on level 5 of the Dungeon)

   [amulet of regeneration]

   Str:       It affects your strength (+3).
   Dex:       It affects your dexterity (+10).
   rF:        It protects you from fire.
   rElec:     It insulates you from electricity.
   Regen:     It increases your rate of health regeneration.
 T - the ring "Opyqet" (left hand) {rElec rC- rN+ Dex+4}
   (You bought it in a shop on level 2 of the Orcish Mines)

   [ring of positive energy]

   Dex:       It affects your dexterity (+4).
   rC:        It makes you vulnerable to cold.
   rElec:     It insulates you from electricity.
   rN:        It protects you from negative energy.
Wands
 m - a wand of charming (18)
 E - a wand of quicksilver (13)
 M - a wand of iceblast (26)
 S - a wand of mindburst (30)
 X - a wand of polymorph (9)
Scrolls
 e - 5 scrolls of fog
 i - a scroll of fear
 r - a scroll of enchant armour
 B - 2 scrolls of brand weapon
 C - 16 scrolls of teleportation
 H - 3 scrolls of summoning
 I - 2 scrolls of blinking
 J - 3 scrolls of magic mapping
 N - 7 scrolls of poison
Potions
 a - a potion of invisibility
 f - 2 potions of haste
 j - 3 potions of cancellation
 q - a potion of brilliance
 w - 15 potions of curing
 z - 5 potions of attraction
 A - 2 potions of flight
 F - a potion of magic
 P - a potion of might
 Q - 6 potions of heal wounds
 V - 3 potions of resistance
Miscellaneous
 k - a condenser vane
 s - a box of beasts
 D - a phial of floods
 U - a lightning rod (4/4)


   Skills:
 + Level 9.0 Fighting
 - Level 14.0 Short Blades
 + Level 5.4 Throwing
 - Level 22.0 Dodging
 O Level 27 Stealth
 + Level 13.7 Spellcasting
 - Level 2.0 Conjurations
 - Level 20.0 Hexes
 - Level 3.0 Translocations
 - Level 3.0 Transmutations
 - Level 1.0 Ice Magic
 - Level 3.0 Air Magic
 - Level 5.0 Poison Magic
 - Level 4.0 Evocations


You had one spell level left.
You knew the following spells:

 Your Spells              Type           Power      Damage    Failure   Level
a - Slow                  Hex            100%       N/A       0%          1
b - Silence               Hex/Air        27%        N/A       1%          5
c - Confusing Touch       Hex            73%        N/A       0%          3
d - Dazzling Flash        Conj/Hex       100%       N/A       1%          3
e - Mephitic Cloud        Conj/Pois/Air  25%        N/A       1%          3
f - Cause Fear            Hex            36%        N/A       0%          4
g - Discord               Hex            36%        N/A       3%          8
h - Teleport Other        Tloc           24%        N/A       1%          3
q - Blink                 Tloc           48%        N/A       1%          2
s - Ensorcelled Hibernat  Hex/Ice        100%       N/A       1%          2
v - Summon Mana Viper     Hex/Summ       50%        N/A       1%          5
w - Passwall              Tmut/Erth      15%        N/A       1%          2
x - Tukima's Dance        Hex            73%        N/A       0%          3

Your spell library contained the following spells:

 Spells                   Type           Power      Damage    Failure   Level
 Foxfire                  Conj/Fire      64%        2x1d7     1%          1
 Magic Dart               Conj           80%        1d7       1%          1
 Sandblast                Erth           26%        2d8       1%          1
 Summon Small Mammal      Summ           52%        N/A       1%          1
 Static Discharge         Conj/Air       22%        3-6/arc   1%          2
 Gell's Gravitas          Tloc           24%        N/A       1%          3
 Inner Flame              Hex/Fire       50%        N/A       1%          3
 Lesser Beckoning         Tloc           24%        N/A       1%          3
 Summon Guardian Golem    Hex/Summ       50%        N/A       1%          3
 Fulminant Prism          Conj/Hex       26%        3d14      1%          4
 Leda's Liquefaction      Hex/Erth       25%        N/A       1%          4
 Olgreb's Toxic Radiance  Pois           32%        N/A       2%          4
 Call Imp                 Summ           13%        N/A       3%          2
 Scorch                   Fire           26%        2d6       3%          2
 Conjure Flame            Conj/Fire      16%        6-21      4%          3
 Stone Arrow              Conj/Erth      32%        3d9       4%          3
 Call Canine Familiar     Summ           13%        N/A       6%          3
 Vampiric Draining        Necr           13%        2d6       6%          3
 Airstrike                Air            12%        2d(2-18)  6%          4
 Corpse Rot               Necr/Pois/Air  23%        N/A       7%          4
 Iskenderun's Mystic Bla  Conj/Tloc      22%        2d6       8%          4
 Ice Form                 Ice/Tmut       20%        N/A       9%          4
 Summon Lightning Spire   Summ/Air       18%        N/A       11%         4
 Alistair's Intoxication  Tmut/Pois      18%        N/A       11%         5
 Flame Wave               Conj/Fire      16%        2d7       13%         4
 Blade Hands              Tmut           12%        N/A       16%         5
 Animate Armour           Summ/Erth      26%        N/A       21%         4
 Dispel Undead            Necr           13%        3d9       21%         4
 Lightning Bolt           Conj/Air       11%        1d24      21%         5
 Summon Forest            Summ/Tloc      9%         N/A       28%         5
 Agony                    Necr           13%        N/A       45%         5
 Borgnjor's Vile Clutch   Necr/Erth      6%         N/A       45%         5
 Lee's Rapid Deconstruct  Erth           6%         3d7*      45%         5
 Eringya's Noxious Bog    Tmut/Pois      14%        N/A       50%         6
 Dispersal                Tloc           12%        N/A       63%         6
 Conjure Ball Lightning   Conj/Air       11%        3x3d6     69%         6
 Iron Shot                Conj/Erth      8%         9d3       87%         6
 Death Channel            Necr           6%         N/A       95%         6
 Summon Cactus Giant      Summ           6%         N/A       95%         6
 Storm Form               Tmut/Air       12%        N/A       99%         7
 Ozocubu's Refrigeration  Ice            8%         4d9       100%        7
 Disjunction              Tloc           12%        N/A       100%        8
 Ignition                 Fire           6%         3d4       100%        8
 Maxwell's Capacitive Co  Air            12%        ∞         100%        8
 Shatter                  Erth           6%         3d9*      100%        9


Dungeon Overview and Level Annotations

Branches:
Dungeon (15/15)            Temple (1/1) D:4            Lair (5/5) D:10
 Shoals (4/4) Lair:2       Spider (4/4) Lair:3        Slime (0/5) Lair:4
    Orc (2/2) D:9             Elf (0/3) Orc:2        Vaults (0/5) D:13
 Depths (4/4) D:15        Gauntlet (visited)
    Zot: Depths:4

Altars:
Ashenzari
Cheibriados
Dithmenos
Elyvilon
Fedhas
Gozag
Hepliaklqana
Kikubaaqudgha
Makhleb
Nemelex Xobeh
Okawaru
Qazlal
Ru
Sif Muna
Trog
Uskayaw
Vehumet
Wu Jian
Xom
Yredelemnul
Zin
The Shining One
Jiyva

Shops:
D:3 ?   D:9 *   D:12 (   D:13 *   D:14 *!*   Orc:1 (((*[:   Orc:2 [*=[(
Shoals:3 [

Portals:
Hell: Depths:1 Depths:2 Depths:3
Abyss: Depths:2 Depths:3
Pandemonium: Depths:2
Ziggurat: Depths:2

Annotations:
Depths:2 2 transporters


Innate Abilities, Weirdness & Mutations

You are very small and have problems with some larger weapons.
You are too small for most types of armour.
You have supernaturally acute eyesight. (SInv)
You cover ground extremely quickly. (Speed+++)
Your natural rate of healing is unusually fast.


Message History

The salamander is engulfed in flames.
The salamander completely resists.
The sun demon completely misses the salamander.
The salamander unwields a +0 shortbow of flaming.
It stops flaming.
The salamander hits the sun demon.
The sun demon is engulfed in flames.
The sun demon completely resists.
Casting: Discord (dangerous; 3% risk of failure)
Confirm with . or Enter, or press ? or * to list all spells.
Aiming: Ensorcelled Hibernation (safe; 1% risk of failure)
Press: ? - help, Shift-Dir - straight line, f - spriggan rider
Aim: a spriggan rider, wielding a +0 spear (fast, strong, frenzied and insane, umbra, chance to affect: 71%)
Okay, then.
Casting: Ensorcelled Hibernation (safe; 1% risk of failure)
Confirm with . or Enter, or press ? or * to list all spells.
Aiming: Ensorcelled Hibernation (safe; 1% risk of failure)
Press: ? - help, Shift-Dir - straight line, f - spriggan rider
Aim: a spriggan rider, wielding a +0 spear (fast, strong, frenzied and insane, umbra, chance to affect: 71%)
The spriggan rider looks drowsy...
Your shadow mimicks your spell!
The spriggan rider is unaffected.
Dithmenos accepts your kill.
You feel a bit more experienced.
You hear a shout!
The spriggan rider hits you with a +0 spear!!
You feel a bit more experienced.
You puncture the spriggan rider!
The spriggan rider is lightly wounded.
The spriggan rider completely misses you.
Casting: Ensorcelled Hibernation (safe; 1% risk of failure)
Confirm with . or Enter, or press ? or * to list all spells.
Aiming: Slow (safe; 0% risk of failure)
Press: ? - help, Shift-Dir - straight line, f/p - spriggan rider
Aim: a spriggan rider, wielding a +0 spear (lightly wounded, fast, strong, frenzied and insane, umbra, chance to affect: 64%)
Okay, then.
Casting: Slow (safe; 0% risk of failure)
Confirm with . or Enter, or press ? or * to list all spells.
A mana viper appears with a sibilant hiss.
The spriggan rider hits you with a +0 spear!!
You emit a cloud of dark smoke.
The spriggan rider hits you with a +0 spear!!
You die...

#######..~#...#♣♣~~...........
#.....+..~##.## ♣~~...........
#.#####..~~###♣♣♣~~...........
#.# #.<~~~~~~~~~~........... #.#
#....................... #.#
###............##+######
####.#######............##.......
...........'...§§§......+.)....##
.......#####...i@§......######.#
######.# #....§§......# #.# # #.#
#.....S......# #.# # #.#
#......).....# #.# # #.#
#............# #.# # #.#
#............# #.# # #.#
#............# #.#
######°########'######### #.#
.○°°°○°§§§§N§.3N...# ####.##


You could see a neutral spriggan rider (fast, strong, insane, ally target) and a
friendly mana viper (summoned).

Vanquished Creatures
  A dread lich (Depths:3)
  Mara (Spider:4)
  A caustic shrike (Depths:3)
  Saint Roka (Depths:1)
  Bai Suzhen (Spider:4)
  A golden dragon (Depths:3)
  Nikola (Spider:4)
  A lich (Depths:3)
  Mlioglotl (Spider:4)
  2 sphinxes
  Frances (D:12)
  Kirke (D:13)
  Donald (Spider:4)
  A storm dragon (Depths:3)
  3 tengu reavers
  2 fire giants
  4 emperor scorpions
  3 frost giants
  An orc warlord (Orc:2)
  An iron dragon (Depths:3)
  6 ghost moths
  A spriggan defender (Depths:2)
  A reaper (Depths:2)
  A broodmother (Spider:3)
  3 stone giants
  7 very ugly things
  A vampire knight (Depths:3)
  An entropy weaver (Spider:1)
  A spark wasp (Spider:4)
  5 ettins
  2 minotaurs
  6 fire dragons
  3 merfolk impalers
  3 merfolk javelineers
  3 ice dragons
  2 rakshasas (Depths:2)
  6 boulder beetles
  A ghost crab (Gauntlet)
  6 merfolk avatars
  4 spriggan air magi (Depths:2)
  5 two-headed ogres
  11 centaur warriors
  2 radroaches
  3 alligator snapping turtles
  3 catoblepae (Lair:5)
  9 hydras
  2 deep troll shamans (Depths:3)
  4 merfolk aquamancers
  7 satyrs
  A death scarab (Spider:3)
  3 deep troll earth magi (Depths:3)
  12 death yaks
  2 soul eaters (Depths:2)
  5 spriggan berserkers
  Urug (Lair:3)
  2 sun demons
  An orc high priest (Orc:1)
  Sonja (D:10)
  A salamander mystic (Depths:2)
  4 spriggans
  An iron troll (Depths:3)
  5 pharaoh ants
  12 sea snakes
  3 flayed ghosts
  2 skeletal warriors
  10 orb spiders
  A deep troll (Depths:1)
  A deep elf archer (D:13)
  3 glowing orange brains
  3 wizards
  6 steelbarb worms
  A necromancer (D:15)
  23 wolf spiders
  3 orc knights
  2 deep elf zephyrmancers (D:13)
  10 fauns
  2 salamanders (Depths:2)
  4 deep elf pyromancers
  20 harpies
  22 manticores
  2 orc sorcerers
  The ghost of Henri the Covert, a novice VSEn (D:6)
  6 cyclopes
  9 elephants
  15 ugly things
  Joseph (D:7)
  Maurice (D:13)
  A centaur zombie (D:15)
  A moth of wrath (Spider:3)
  3 black mambas
  A water nymph (Shoals:1)
  8 merfolk sirens
  A naga mage (D:15)
  8 torpor snails
  An eye of devastation (Gauntlet)
  10 cane toads
  2 gargoyles
  7 rime drakes
  4 centaur skeletons
  The ghost of duchin the Changer, a novice MfWn (D:3)
  6 demonic crawlers
  An efreet (D:14)
  2 unseen horrors
  4 orange demons (D:11)
  8 komodo dragons
  2 yaktaurs (D:13)
  A freezing wraith (D:15)
  A tengu conjurer (D:13)
  2 red devils (D:11)
  A queen bee (Gauntlet)
  8 trolls
  8 meliai
  19 merfolk
  4 wind drakes
  18 dream sheep
  4 hornets
  22 tarantellas
  11 blink frogs
  7 slime creatures
  8 snapping turtles
  16 culicivoras
  A vampire (D:9)
  30 jumping spiders
  3 wraiths
  A culicivora (shapeshifter) (Depths:3)
  A shadow (D:10)
  10 wyverns
  32 yaks
  16 water elementals
  3 hogs (D:13)
  Grum (D:10)
  7 basilisks
  2 steam dragons
  44 redbacks
  2 wargs (Orc:1)
  4 fire bats (Depths:2)
  8 water moccasins
  2 acid dragons
  2 hell hounds (Lair:5)
  A floating eye (Gauntlet)
  39 orc warriors
  A sky beast (D:7)
  A black bear (shapeshifter) (D:15)
  A black bear (D:6)
  An ice beast (D:6)
  15 wolves
  5 ogres
  28 centaurs
  2 kobold brigands
  A necrophage (D:7)
  13 bullfrogs
  A gnoll sergeant (D:11)
  8 wights
  26 killer bees
  4 howler monkeys
  4 hounds
  2 jellies
  Crazy Yiuf (D:7)
  A gnoll bouda (D:5)
  12 orc priests
  6 hell rats
  7 iguanas
  23 orc wizards
  3 boggart skeletons
  12 gnolls
  4 adders
  3 shadow imps
  A white imp (D:5)
  An ufetubus (D:7)
  2 worms
  3 dart slugs
  66 orcs
  8 ball pythons
  5 bats
  6 endoplasms
  5 giant cockroaches
  9 goblins
  7 hobgoblins
  8 jackals
  13 kobolds
  4 quokkas
  A frilled lizard (D:2)
  4 rats
1078 creatures vanquished.

Vanquished Creatures (collateral kills)
  A golden dragon (Depths:4)
  2 tentacled monstrosities (Depths:3)
  A titan (Depths:3)
  A sphinx (Shoals:4)
  A fire giant (Depths:3)
  2 frost giants (Depths:3)
  4 emperor scorpions (Spider:4)
  A ghost moth (Spider:4)
  A draconian annihilator (Depths:4)
  A vampire knight (Depths:3)
  A stone giant (Depths:4)
  A black draconian (Depths:4)
  An entropy weaver (Spider:4)
  A minotaur (Shoals:4)
  A white draconian (Depths:4)
  A purple draconian (Depths:4)
  An ettin (Depths:1)
  A fire dragon (Depths:4)
  2 yaktaur captains (Depths:4)
  A spriggan air mage (Depths:4)
  An ice dragon (Depths:4)
  A satyr (Shoals:4)
  3 deep troll shamans
  A deep troll earth mage (Depths:3)
  A spriggan berserker (Depths:4)
  A death yak (Lair:5)
  2 spriggans (Depths:4)
  3 pharaoh ants
  4 deep trolls
  An orb spider (Spider:4)
  A necromancer (Depths:3)
  A harpy (Shoals:4)
  2 wolf spiders
  A salamander (Depths:4)
  A moth of wrath (Spider:4)
  7 ugly things (Depths:1)
  A manticore (Shoals:4)
  A demonic crawler (Spider:2)
  2 merfolk (Shoals:4)
  3 tengu conjurers (Depths:3)
  A meliai (Spider:2)
  3 tarantellas (Spider:2)
  A queen bee (Spider:2)
  2 hornets (Depths:4)
  A dream sheep (shapeshifter) (Depths:3)
  A dancing weapon (Depths:3)
  A jumping spider (Spider:2)
  5 culicivoras
  A water elemental (Depths:3)
  10 yaks (Lair:5)
  2 redbacks (Spider:2)
  A warg (Depths:1)
  4 orc warriors (Depths:1)
  A centaur (D:15)
  A wight (D:9)
  14 killer bees (Spider:2)
  An orc wizard (Depths:1)
  7 orcs (Depths:1)
121 creatures vanquished.

Vanquished Creatures (others)
  A yellow draconian (Depths:4)
  A satyr (Shoals:4)
  A sun demon (Depths:4)
  A steelbarb worm (Spider:4)
  A tarantella (Spider:4)
  A jumping spider (Spider:2)
  4 yaks (Lair:5)
  3 redbacks (Spider:2)
  2 dancing weapons
  A centaur (D:13)
  6 killer bees (Spider:2)
  29 fungi
  112 plants
163 creatures vanquished.

Grand Total: 1362 creatures vanquished

Notes
Turn   | Place    | Note
-------+----------+-------------------------------------------
     0 | D:1      | NegativICE91 the Spriggan Enchanter began the quest for the
                  | Orb.
     0 | D:1      | Reached XP level 1. HP: 9/9 MP: 5/5
    64 | D:1      | Reached XP level 2. HP: 13/13 MP: 6/6
   240 | D:1      | Reached skill level 5 in Stealth
   712 | D:1      | Learned a level 2 spell: Ensorcelled Hibernation
  1143 | D:1      | Reached XP level 3. HP: 16/16 MP: 8/8
  1354 | D:1      | Learned a level 3 spell: Confusing Touch
  1818 | D:2      | Found a faded altar of an unknown god.
  2121 | D:3      | Noticed duchin's ghost (novice MfWn)
  2121 | D:3      | Found a runed translucent door.
  2127 | D:3      | Found Qipaoby's Magic Scroll Shoppe.
  2144 | D:3      | Bought a scroll of identify for 28 gold pieces
  2252 | D:3      | Reached skill level 6 in Stealth
  2400 | D:3      | Reached XP level 4. HP: 18/21 MP: 1/9
  2692 | D:2      | Identified the +1 leather armour "Wialell" {rCorr}
  2904 | D:3      | Found an iron altar of Okawaru.
  3937 | D:3      | Reached XP level 5. HP: 25/25 MP: 5/10
  4376 | D:4      | Noticed a two-headed ogre
  4480 | D:4      | Found a staircase to the Ecumenical Temple.
  4507 | Temple   | Entered the Ecumenical Temple
  4574 | Temple   | Became a worshipper of Dithmenos the Shadowed
  4678 | D:5      | Entered Level 5 of the Dungeon
  4723 | D:5      | Reached skill level 1 in Fighting
  4970 | D:5      | Reached skill level 5 in Hexes
  5125 | D:5      | Noticed an ogre
  5127 | D:5      | Killed an ogre
  5128 | D:5      | Reached skill level 7 in Stealth
  5128 | D:5      | Reached XP level 6. HP: 30/30 MP: 11/11
  5155 | D:5      | Identified the +5 ring mail of the Wild Haggis {Fly}
  5541 | D:5      | Reached XP level 7. HP: 30/33 MP: 10/14
  5580 | D:5      | Reached skill level 8 in Stealth
  5580 | D:5      | Found a broken altar of Ashenzari.
  5778 | D:5      | Reached * piety under Dithmenos
  5844 | D:5      | Learned a level 3 spell: Tukima's Dance
  5848 | D:5      | Learned a level 3 spell: Dazzling Flash
  5893 | D:5      | Identified the amulet of Satisfaction {rElec rF+ Regen+
                  | Str+3 Dex+10}
  6027 | D:5      | Reached skill level 9 in Stealth
  6141 | D:6      | Found a glowing silver altar of Zin.
  6174 | D:6      | Found a bloodstained altar of Trog.
  6294 | D:6      | Reached skill level 5 in Short Blades
  6440 | D:6      | Found a runed translucent door.
  6440 | D:6      | Noticed Henri's ghost (novice VSEn)
  6509 | D:6      | Reached skill level 10 in Stealth
  6679 | D:6      | Reached XP level 8. HP: 37/37 MP: 15/15
  6776 | D:6      | Identified the +4 spear "Vaow" {vorpal, rN+ Str+4}
  7250 | D:4      | Killed a two-headed ogre
  7251 | D:4      | Reached skill level 11 in Stealth
  7251 | D:4      | Reached skill level 1 in Conjurations
  7251 | D:4      | Reached skill level 5 in Dodging
  7251 | D:4      | Reached skill level 1 in Ice Magic
  7596 | D:3      | Killed duchin's ghost
  7597 | D:3      | Reached skill level 5 in Spellcasting
  7597 | D:3      | Reached XP level 9. HP: 38/42 MP: 13/17
  7626 | D:3      | Bought a scroll of identify for 28 gold pieces
  7626 | D:3      | Bought a scroll of enchant armour for 105 gold pieces
  7626 | D:3      | Bought a scroll of identify for 28 gold pieces
  7626 | D:3      | Bought a scroll of identify for 28 gold pieces
  7626 | D:3      | Bought a scroll of enchant weapon for 105 gold pieces
  7626 | D:3      | Bought a scroll of teleportation for 42 gold pieces
  7816 | D:6      | Killed Henri's ghost
  8152 | D:7      | Reached skill level 1 in Evocations
  8268 | D:7      | Got The Foundations of Willworking
  8277 | D:7      | Learned a level 2 spell: Blink
  8280 | D:7      | Learned a level 2 spell: Passwall
  8503 | D:7      | Found a runed translucent door.
  8504 | D:7      | Noticed Crazy Yiuf
  8511 | D:7      | Killed Crazy Yiuf
  8595 | D:7      | Found a sacrificial altar of Ru.
  8595 | D:7      | Noticed Joseph
  8599 | D:7      | Killed Joseph
  8599 | D:7      | Reached ** piety under Dithmenos
  8716 | D:7      | Reached skill level 1 in Translocations
  8716 | D:7      | Reached skill level 1 in Transmutations
  8953 | D:8      | Found a shimmering altar of Xom.
  9376 | D:8      | Reached XP level 10. HP: 46/46 MP: 7/18
  9686 | D:9      | Noticed a two-headed ogre
  9704 | D:9      | Killed a two-headed ogre
  9729 | D:9      | Learned a level 1 spell: Slow
  9884 | D:9      | Found a white marble altar of Elyvilon.
  9938 | D:9      | Found Farphugru's Assorted Antiques.
  9956 | D:9      | Bought a scroll labelled BOTOPAERRI for 21 gold pieces
  9956 | D:9      | Bought a grey potion for 18 gold pieces
  9956 | D:9      | Bought a scroll labelled ASOBEG TUS NAI for 21 gold pieces
  9988 | D:9      | Found a snail-covered altar of Cheibriados.
 10038 | D:9      | Found an ancient bone altar of Kikubaaqudgha.
 10164 | D:9      | Noticed a two-headed ogre
 10222 | D:9      | Found a staircase to the Orcish Mines.
 10273 | D:9      | Reached *** piety under Dithmenos
 10646 | D:9      | Killed a two-headed ogre
 10647 | D:9      | Reached skill level 1 in Throwing
 10647 | D:9      | Reached skill level 12 in Stealth
 10761 | D:10     | Entered Level 10 of the Dungeon
 10810 | D:10     | Noticed Grum
 10850 | D:10     | Noticed Sonja
 10855 | D:10     | Killed Sonja
 10856 | D:10     | Reached skill level 10 in Short Blades
 10906 | D:10     | Reached skill level 10 in Dodging
 11029 | D:10     | Reached XP level 11. HP: 51/51 MP: 17/21
 11147 | D:10     | Found a staircase to the Lair.
 11213 | D:10     | Reached skill level 13 in Stealth
 11311 | D:10     | Killed Grum
 11476 | D:11     | You fall into a shaft and drop 2 floors!
 11525 | D:13     | Noticed a boulder beetle
 11578 | D:13     | Noticed a centaur warrior
 11597 | D:13     | Killed a centaur warrior
 11644 | D:13     | Noticed a centaur warrior
 11648 | D:13     | Killed a centaur warrior
 11648 | D:13     | Reached **** piety under Dithmenos
 11649 | D:13     | Reached skill level 14 in Stealth
 11768 | D:12     | Found Dyukean's Antique Weapon Shop.
 12097 | D:11     | Got the Volume of Evolution and Spelunking
 12412 | D:11     | Noticed a two-headed ogre
 12440 | D:11     | Killed a two-headed ogre
 12441 | D:11     | Reached skill level 15 in Stealth
 12760 | Lair:1   | Entered Level 1 of the Lair of Beasts
 12874 | Lair:1   | Reached skill level 16 in Stealth
 13109 | Lair:1   | Reached XP level 12. HP: 56/56 MP: 11/22
 13705 | Lair:1   | Reached skill level 17 in Stealth
 13864 | Lair:2   | Reached ***** piety under Dithmenos
 14038 | Lair:2   | Reached skill level 18 in Stealth
 14172 | Lair:2   | Found a staircase to the Shoals.
 14764 | Lair:3   | Noticed Urug
 14937 | Lair:3   | Killed Urug
 15117 | Lair:3   | Found a hole to the Spider Nest.
 15261 | Lair:3   | Learned a level 4 spell: Cause Fear
 15382 | Lair:3   | Identified the +2 hand axe of Okawaru's Delight {protect,
                  | rCorr Int+5}
 15538 | Lair:4   | Found a gate leading to a gauntlet.
 15569 | Gauntlet | Entered a Gauntlet
 15569 | Gauntlet | Found a transporter.
 15570 | Gauntlet | Found a large runed translucent door.
 15571 | Gauntlet | Found a large runed translucent door.
 15572 | Gauntlet | Found a large runed translucent door.
 15572 | Gauntlet | Found a large runed translucent door.
 15572 | Gauntlet | Found a runed translucent door.
 15573 | Gauntlet | Found a large runed translucent door.
 15574 | Gauntlet | Found a large runed translucent door.
 15574 | Gauntlet | Found a runed translucent door.
 15575 | Gauntlet | Found a large runed translucent door.
 15575 | Gauntlet | Found a large runed translucent door.
 15575 | Gauntlet | Found a large runed translucent door.
 15575 | Gauntlet | Found a large runed translucent door.
 15575 | Gauntlet | Found a large runed translucent door.
 15575 | Gauntlet | Found a large runed translucent door.
 15576 | Gauntlet | Found a runed translucent gate.
 15576 | Gauntlet | Found a runed translucent gate.
 15576 | Gauntlet | Found a runed translucent gate.
 15594 | Gauntlet | Found a transporter.
 15596 | Gauntlet | Found a transporter.
 15598 | Gauntlet | Found a transporter.
 15600 | Gauntlet | Noticed a blizzard demon
 15613 | Gauntlet | Found a transporter.
 15629 | Gauntlet | Found a transporter.
 15634 | Gauntlet | Found a transporter.
 15655 | Gauntlet | Found a transporter.
 15670 | Gauntlet | Found a transporter.
 15682 | Gauntlet | Found a transporter.
 15697 | Gauntlet | Found a transporter.
 15818 | Gauntlet | Found a transporter.
 15825 | Gauntlet | Found a large runed translucent door.
 15825 | Gauntlet | Found a large runed translucent door.
 15825 | Gauntlet | Found a transporter.
 15855 | Gauntlet | Noticed a ghost crab
 15930 | Gauntlet | Found a large runed translucent door.
 15930 | Gauntlet | Found a large runed translucent door.
 15933 | Gauntlet | Found a transporter.
 15988 | Gauntlet | Found a transporter.
 16022 | Gauntlet | Reached skill level 19 in Stealth
 16022 | Gauntlet | Reached XP level 13. HP: 60/60 MP: 26/26
 16069 | Gauntlet | Found a transporter.
 16141 | Gauntlet | Identified the ring of Nyinu {Wiz Will++ rCorr MP+9 Dex-3}
 16234 | Gauntlet | Identified the +7 ring mail "Hyirantiguc" {Will+}
 16234 | Gauntlet | Noticed a minotaur
 16242 | Gauntlet | Killed a minotaur
 16270 | Gauntlet | Identified the +0 chain mail "Ipnikai" {rF+ Dex+2}
 16276 | Gauntlet | Got the Incunable of Ignition and Excavation
 16662 | Lair:4   | Reached skill level 10 in Hexes
 16751 | Lair:4   | Reached skill level 20 in Stealth
 16778 | Lair:4   | Reached skill level 15 in Dodging
 16857 | Lair:4   | Found a viscous altar of Jiyva.
 16858 | Lair:4   | Found a staircase to the Slime Pits.
 16995 | Lair:5   | Entered Level 5 of the Lair of Beasts
 17781 | D:12     | Noticed Frances
 17784 | D:12     | Killed Frances
 17785 | D:12     | Reached skill level 10 in Spellcasting
 18335 | D:13     | Reached skill level 21 in Stealth
 18789 | D:13     | Found a gate to the Vaults.
 18859 | D:13     | Noticed Maurice
 18865 | D:13     | Killed Maurice
 18895 | D:13     | Found Esam Afi's Elemental Accessories.
 18929 | D:13     | Noticed Kirke
 19014 | D:13     | Reached XP level 14. HP: 65/65 MP: 21/29
 19028 | D:13     | Killed Kirke
 19270 | D:13     | Reached ****** piety under Dithmenos
 19358 | D:13     | Reached skill level 22 in Stealth
 19535 | D:14     | Found Nuapoaq's Assorted Antiques.
 19720 | D:13     | Upgraded the game from 0.29.1-13-g9f3cf754e1 to
                  | 0.29.1-14-g9c671dbff4
 19973 | D:14     | Found Muut's Assorted Antiques.
 20026 | D:14     | Reached skill level 23 in Stealth
 20034 | D:14     | Found Hovias's Distillery.
 20039 | D:14     | Bought a potion of degeneration for 11 gold pieces
 20417 | D:15     | Entered Level 15 of the Dungeon
 20557 | D:15     | Reached skill level 24 in Stealth
 21146 | D:15     | Found a glowing silver altar of Zin.
 21770 | D:15     | Found a staircase to the Depths.
 21929 | D:15     | Learned a level 5 spell: Silence
 22035 | Orc:1    | Entered Level 1 of the Orcish Mines
 22062 | Orc:1    | Reached skill level 25 in Stealth
 22223 | Orc:1    | Reached skill level 1 in Air Magic
 22279 | Orc:1    | Found Buusul's Weapon Emporium.
 22314 | Orc:1    | Found Maifuum's Antique Weapon Shoppe.
 22335 | Orc:1    | Found Plog's Weapon Emporium.
 22445 | Orc:2    | Entered Level 2 of the Orcish Mines
 22751 | Orc:1    | Found Unett's Antique Armour Emporium.
 22812 | Orc:1    | Reached XP level 15. HP: 70/70 MP: 30/30
 22902 | Orc:1    | Found Qir Weog's General Store.
 22992 | Orc:1    | Found Unoah's Self-Improvement Boutique.
 23052 | Orc:1    | Bought a heavily runed cloak for 247 gold pieces
 23052 | Orc:1    | Identified the +1 cloak of the Distant Future {rN+} (You
                  | bought it in a shop on level 1 of the Orcish Mines)
 23066 | Orc:2    | Found a staircase to the Elven Halls.
 23285 | Orc:2    | Noticed an orc warlord
 23436 | Orc:2    | Found Kiewent's Weapon Emporium.
 23913 | Orc:2    | Killed an orc warlord
 24277 | Orc:2    | Reached skill level 5 in Fighting
 24446 | Orc:2    | Found Meocudey's Jewellery Shoppe.
 24446 | Orc:2    | Found Moggiatt's General Store.
 24448 | Orc:2    | Found Binaff's Armour Boutique.
 24450 | Orc:2    | Found Edeqaez's Antique Armour Emporium.
 24545 | Orc:2    | Bought a runed scarf for 272 gold pieces
 24718 | Shoals:1 | Entered Level 1 of the Shoals
 25875 | Shoals:2 | Learned a level 3 spell: Mephitic Cloud
 26417 | Shoals:3 | Reached skill level 15 in Hexes
 26977 | Shoals:3 | Found Fesedgh's Armour Boutique.
 27018 | Shoals:4 | Entered Level 4 of the Shoals
 27206 | Shoals:3 | Reached XP level 16. HP: 76/76 MP: 32/32
 28119 | Shoals:4 | Learned a level 8 spell: Discord
 28463 | Shoals:4 | Noticed a sphinx
 28469 | Shoals:4 | Killed a sphinx
 28520 | Shoals:4 | Noticed a sphinx
 28527 | Shoals:4 | Killed a sphinx
 28610 | Shoals:4 | Got a barnacled rune of Zot
 28612 | Shoals:4 | Got the Atlas of Torrid Breath
 28960 | D:10     | Upgraded the game from 0.29.1-14-g9c671dbff4 to
                  | 0.29.1-15-g9cfb28693d
 29364 | Spider:1 | Entered Level 1 of the Spider Nest
 29514 | Spider:1 | Reached skill level 1 in Poison Magic
 30899 | Spider:2 | Reached XP level 17. HP: 81/81 MP: 29/34
 32710 | Spider:4 | Entered Level 4 of the Spider Nest
 32722 | Spider:4 | Noticed Mara
 32723 | Spider:4 | Noticed Bai Suzhen
 32728 | Spider:4 | Killed Mara
 32733 | Spider:4 | Killed Bai Suzhen
 32770 | Spider:4 | Noticed Donald
 32912 | Spider:4 | Killed Donald
 33009 | Spider:4 | Noticed Nikola
 33016 | Spider:4 | Killed Nikola
 33221 | Spider:4 | Noticed Mlioglotl
 33229 | Spider:4 | Killed Mlioglotl
 33504 | Spider:4 | Reached XP level 18. HP: 79/86 MP: 36/36
 33726 | Spider:4 | Reached skill level 26 in Stealth
 34184 | Spider:4 | Got a gossamer rune of Zot
 34515 | Lair:1   | Gained mutation: Your natural rate of healing is unusually
                  | fast. [potion of mutation]
 34518 | Lair:1   | Acquired 804 gold pieces
 36120 | Orc:2    | Bought a glowing orb for 408 gold pieces
 36127 | Orc:2    | Bought the ring "Opyqet" {rElec rC- rN+ Dex+4} for 495 gold
                  | pieces
 36402 | Depths:1 | Entered Level 1 of the Depths
 36736 | Depths:1 | Found a gateway to Hell.
 36844 | Depths:1 | Found a stormy altar of Qazlal.
 37257 | Depths:1 | Noticed Saint Roka
 37266 | Depths:1 | Reached skill level 27 in Stealth
 37300 | Depths:1 | Killed Saint Roka
 37644 | Depths:2 | Found a one-way gate to the infinite horrors of the Abyss.
 37659 | Depths:2 | Found a one-way gate leading to the halls of Pandemonium.
 37783 | Depths:2 | Found an opulent altar of Gozag.
 38132 | Depths:2 | Reached XP level 19. HP: 92/92 MP: 37/37
 38402 | Depths:2 | Noticed a juggernaut
 38555 | Depths:2 | Found a one-way gateway to a ziggurat.
 38572 | Depths:2 | Found a transporter.
 38594 | Depths:2 | Found a transporter.
 38877 | Depths:3 | Learned a level 3 spell: Teleport Other
 38883 | Depths:3 | Learned a level 5 spell: Summon Mana Viper
 39009 | Depths:3 | Noticed a dread lich
 39013 | Depths:3 | Killed a dread lich
 39018 | Depths:3 | Identified the +1 scale mail of the Gravedigger {Drain rF+
                  | Will+ Str+4}
 39535 | Depths:3 | Noticed a golden dragon
 39536 | Depths:3 | Noticed a caustic shrike
 39538 | Depths:3 | Killed a golden dragon
 39539 | Depths:3 | Reached skill level 5 in Poison Magic
 39539 | Depths:3 | Killed a caustic shrike
 40055 | Depths:4 | Entered Level 4 of the Depths
 40087 | Depths:4 | Found a flickering gateway to a bazaar.
 40118 | Bazaar   | Entered a bazaar
 40118 | Bazaar   | Found Vephoceg's Weapon Shoppe.
 40118 | Bazaar   | Found Odghapt's Weapon Emporium.
 40120 | Bazaar   | Found Kerghion's Jewellery Shoppe.
 40136 | Bazaar   | Found Evu Xae's Weapon Emporium.
 40144 | Bazaar   | Bought 5 boomerangs of dispersal for 112 gold pieces
 40154 | Bazaar   | Bought 3 boomerangs for 9 gold pieces
 40482 | Depths:4 | Noticed a golden dragon
 40487 | Depths:4 | Reached skill level 5 in Throwing
 40492 | Depths:4 | Killed a golden dragon
 40525 | Depths:4 | Slain by a spriggan rider

Illustrated notes

Levels and vault maps discovered:
D:1:      lightli_arrival_noodles, layout_loops_ring, nicolae_wormholes
D:2:      layout_loops_corners, shapermc_ecumenical_altar_pompeii
D:3:      layout_basic, okawaru_ov_weapons_minmay,
          ebering_ghost_reflecting_pool, serial_shops, nicolae_shop_trees,
          nicolae_figureground_pulse
D:4:      layout_rooms, minmay_temple_entry_mist
D:5:      layout_loops_corners, nicolae_ashenzari_panopticon,
          minmay_diced_spiral
D:6:      layout_layer_cave, mainiacjoe_overflow_boulevard, lemuel_tele_altar,
          hellmonk_ghost_happy_afterlife
D:7:      layout_basic, nicolae_ru_awakened_eye, grunt_decor_resistance,
          minmay_checkerbox, uniq_joseph, uniq_crazy_yiuf_cottage
D:8:      layout_rooms, amcnicky_altar_gilded
D:9:      layout_small_grid, mainiacjoe_overflow_brackets, kennysheep_mini_moat,
          cheibriados_altar_2, serial_shops, nicolae_lakefront_shop
D:10:     layout_roguey, lair_entry_dummy, uniq_sonja, uniq_grum
D:11:     layout_roguey, minivault_10, minmay_beelzebubs_servants
D:12:     layout_roguey, serial_shops,
          nicolae_shop_temple_entry_statues_fountains, nicolae_titane,
          uniq_frances
D:13:     layout_roguey, hangedman_vaults_entry_quadrant_bands,
          kennysheep_path_1, nicolae_elemental_shop,
          minmay_misc_feat_nine_boxes, nicolae_concentric_dashed_squares_mild,
          uniq_kirke, uniq_maurice
D:14:     layout_loops_cross, serial_shops, shop, shop, nicolae_shop_waterfront,
          dk_noncrumbling_2, minmay_starry_boxes
D:15:     grunt_enter_depths_magical_seal, layout_basic, small_statue_alley_a,
          zin_treasury
Temple:   cyrus_circular_temple
Lair:1:   layout_cave_pods, infiniplex_staircase_pool_2, grunt_megastairs_3
Lair:2:   layout_long_grid, minmay_shoals_entry_centaurs
Lair:3:   layout_chaotic_city, spider_nest_entry_funnel_web, uniq_urug
Lair:4:   layout_cave_pods, dpeg_slime_entry_enclosed, gauntlet_entry_generic
Lair:5:   evilmike_catoblepas_cave, layout_small_grid, special_room
          [special_room_mythical_zoo]
Shoals:1: layout_shoals
Shoals:2: layout_shoals
Shoals:3: layout_shoals, serial_shops, shop_fountains,
          nicolae_shoals_cliffside_cave
Shoals:4: shoals_end_hellmonk_lost_city
Spider:1: layout_chambers
Spider:2: layout_spider_delve, special_room [special_room_bee]
Spider:3: layout_spider_delve
Spider:4: grunt_spider_rune_circles, uniq_donald, uniq_bai_suzhen, uniq_mara,
          uniq_mlioglotl, uniq_nikola
Orc:1:    layout_caves, serial_shops, nicolae_shop_stone, nicolae_shop_crystal,
          nicolae_shop_behind_doors, shop, shop, nicolae_shop_self_help
Orc:2:    st_orc_rangers, layout_diamond_mine, serial_shops,
          nicolae_shop_behind_doors
Depths:1: layout_gridlike, minmay_misc_feat_rugged, serial_corexii_hall,
          chequers_hall_statues_corner_a, corexii_hall_statues_u,
          hangedman_coc_ice_floe, minmay_crystal_water, grunt_qazlal_clouds,
          uniq_saint_roka
Depths:2: emtedronai_trogs_sanctum, layout_cross, enter_ziggurat_c,
          hangedman_abyss_entry_splay, hellmouth_1, grunt_gozag_statues,
          pan_entry, serial_bayou_shore_b
Depths:3: nzn_winding_woodlands_stair_cross [nzn_winding_woodlands_5x15_pool,
          nzn_winding_woodlands_center_pierced_h,
          nzn_winding_woodlands_5x15_lazy_stream,
          nzn_winding_woodlands_5x5_default,
          nzn_winding_woodlands_5x5_checkerboard,
          nzn_winding_woodlands_5x15_longhouse,
          nzn_winding_woodlands_center_lodge,
          nzn_winding_woodlands_5x15_pathside_ponds], layout_gridville,
          abyss_entry, hangedman_geh_valley, dreamdust_wishing_well
Depths:4: grunt_zot_entry_tricorne, layout_gridlike, hellmouth_3,
          corexii_hall_statues_s, serial_shops, bzr_entry_safe, abandoned_shop

Skill      XL: |  1  2  3  4  5  6  7  8  9 10 11 12 13 14 15 16 17 18 19 |
---------------+----------------------------------------------------------+-----
Dodging        | 3 6 8 10 13 14 15 18 20 22 | 22.0
Short Blades   | 2 4 5 6 8 10 12 14 | 14.0
Stealth        | 5 6 7 10 11 12 16 19 21 25 27 | 27.0
Hexes          | 4 5 6 7 9 11 15 16 18 20 | 20.0
Spellcasting   | 3 4 5 6 8 10 11 12 13 | 13.7
Fighting       | 1 2 3 4 5 6 7 9 |  9.0
Conjurations   | 1 2 |  2.0
Ice Magic      | 1 |  1.0
Evocations     | 2 4 |  4.0
Translocations | 3 |  3.0
Transmutations | 2 3 |  3.0
Throwing       | 2 4 5 |  5.4
Air Magic      | 1 3 |  3.0
Poison Magic   | 2 5 |  5.0

Action                   |  1- 3 |  4- 6 |  7- 9 | 10-12 | 13-15 | 16-18 | 19-21 || total
-------------------------+-------+-------+-------+-------+-------+-------+-------++-------
Melee: Dagger            |   130 |    91 |   174 |   330 |       |       |       ||   725
       Punch             |       |       |     2 |    11 |    10 |    13 |       ||    36
       Short sword       |       |       |       |   203 |   670 |   517 |       ||  1390
       Rapier            |       |       |       |       |       |   136 |    86 ||   222
Throw: Dart              |    18 |     2 |    14 |    13 |    26 |     7 |       ||    80
       Stone             |     8 |       |     3 |       |       |       |       ||    11
       Boomerang         |       |       |       |       |     5 |       |       ||     5
 Cast: Ensorcelled Hiber |     7 |    26 |    28 |    82 |   286 |   214 |    14 ||   657
       Confusing Touch   |       |     1 |     8 |    11 |    21 |    13 |     2 ||    56
       Dazzling Flash    |       |       |     7 |    31 |    49 |    74 |     6 ||   167
       Tukima's Dance    |       |       |     3 |    16 |     2 |       |     1 ||    22
       Slow              |       |       |       |    16 |     2 |     6 |     6 ||    30
       Silence           |       |       |       |       |     6 |     4 |       ||    10
       Mephitic Cloud    |       |       |       |       |     3 |     7 |     2 ||    12
       Discord           |       |       |       |       |       |    14 |     7 ||    21
       Blink             |       |       |       |       |       |     5 |    10 ||    15
       Cause Fear        |       |       |       |       |       |     2 |       ||     2
       Summon Mana Viper |       |       |       |       |       |       |     6 ||     6
Invok: Shadow Step       |       |       |       |       |     1 |       |       ||     1
Evoke: Wand              |       |       |     1 |     6 |     5 |     5 |       ||    17
       Tin of tremorston |       |       |       |       |       |     1 |       ||     1
       Lightning rod     |       |       |       |       |       |     2 |       ||     2
  Use: Scroll            |     1 |     2 |     5 |    13 |    13 |    14 |     1 ||    49
       Potion            |       |       |       |     3 |     4 |     6 |       ||    13
 Stab: Sleeping          |    24 |    29 |    27 |    73 |   255 |   271 |    36 ||   715
       Distracted        |       |     1 |       |     4 |     9 |    13 |     2 ||    29
       Confused          |       |     1 |     8 |     8 |    19 |    18 |     3 ||    57
       Invisible         |       |       |     6 |    23 |    32 |    55 |     4 ||   120
Armor: Robe              |     3 |     1 |     5 |    15 |    16 |    11 |     2 ||    53
       Troll leather arm |       |     2 |     2 |       |       |       |       ||     4
Dodge: Dodged            |    74 |    56 |   105 |   526 |   650 |   604 |    78 ||  2093
